 Dungeon Crawl Stone Soup version 0.30-a0-6-g7c9e10e132 (webtiles) character file.

Game seed: 15825269176463570728

52 Newt the Trooper (level 3, -4/29 HPs)
             Began as a Demonspawn Gladiator on Aug 22, 2022.
             Was a Plaything of Xom.
             Slain by an orc
             ... wielding a +0 trident
              (7 damage)
             ... on level 3 of the Dungeon.
             The game lasted 00:02:05 (1837 turns).

Newt the Trooper (Demonspawn Gladiator)             Turns: 1837, Time: 00:02:05

Health: -4/29      AC:  4    Str: 16    XL:     3   Next: 60%
Magic:  3/3        EV: 12    Int:  9    God:    Xom [..*...]
Gold:   52         SH:  0    Dex: 14    Spells: 2/2 levels left

rFire   . . .      SeeInvis .    a - +0 rapier
rCold   . . .      Faith    .    (no shield)
rNeg    . . .      Spirit   .    b - +0 leather armour
rPois   .          Reflect  .    c - +0 helmet
rElec   .          Harm     .    (no cloak)
rCorr   .          Rampage  .    (no gloves)
Will    .....                    (no boots)
Stlth   ++........               (no amulet)
HPRegen 0.09/turn                (no ring)
MPRegen 0.08/turn                (no ring)

@: lethally poisoned (-4 -> -11)
A: foul stench 1, demonic touch 1
a: Renounce Religion


You were on level 3 of the Dungeon.
You worshipped Xom.
You were a toy of Xom.
You visited 1 branch of the dungeon, and saw 3 of its levels.

You collected 52 gold pieces.

Inventory:

Hand Weapons
 a - a +0 rapier (weapon)
Missiles
 d - 3 throwing nets (quivered)
 e - a javelin
 f - 6 poisoned darts
 g - 7 stones
Armour
 b - a +0 leather armour (worn)
 c - a +0 helmet (worn)
Jewellery
 j - a ring of poison resistance
Scrolls
 m - a scroll of enchant armour {unknown}
 n - a scroll of torment {unknown}
Potions
 h - 2 potions of ambrosia
 i - a potion of might {unknown}
 k - a potion of lignification {unknown}
 l - a potion of degeneration {unknown}


   Skills:
 + Level 3.3 Fighting
 - Level 2.6 Short Blades
 - Level 1.7 Throwing
 - Level 2.6 Dodging
 - Level 2.0 Stealth


You had 2 spell levels left.
You didn't know any spells.
Your spell library contained the following spells:

 Spells                   Type           Power      Damage    Failure   Level
 Beastly Appendage        Tmut           0%         N/A       45%         1
 Wereblood                Tmut           0%         N/A       58%         2
 Spider Form              Tmut/Pois      0%         N/A       83%         3


Dungeon Overview and Level Annotations

Branches:
Dungeon (3/15)

Altars:
Xom


Innate Abilities, Weirdness & Mutations

You may rarely emit foul miasma when damaged in melee.
Your touch may inflict minor irresistible damage on your foes.


Message History

You climb upwards.
There is a stone staircase leading down here.
Unknown command.
You hit the orc.
You kill the orc!
You climb downwards.
The orc hits you with a +2 dagger of venom.
You are poisoned.
You emit a cloud of foul miasma!
The orc priest mumbles some strange prayers to Beogh against you.
Beogh smites you!
A shower of butterflies erupts from you!
The orc priest closely misses your butterfly.
The orc is engulfed in dark miasma.
The orc is poisoned.
You kill the orc!
There is a stone staircase leading up here.
Unknown command.
You feel very sick. The orc barely misses you.
The orc priest barely misses your butterfly.
Things that are here:
a +2 dagger of venom; an orc corpse You swap places.
You feel very sick.
Your butterfly is engulfed in dark miasma.
Your butterfly is poisoned.
Your butterfly is engulfed in dark miasma.
Your butterfly looks even sicker.
You kill your butterfly!
Your butterfly disappears in a puff of smoke!
The orc priest closely misses you. The orc hits you with a +0 trident.
* * * LOW HITPOINT WARNING * * *
You hit the orc priest but do no damage.
You punch the orc priest.
The orc priest is lightly wounded.
* * * LOW HITPOINT WARNING * * *
You feel sick. The orc priest barely misses you.
The orc hits you with a +0 trident!
You die...
Xom giggles madly!

##~~.~≈..
....# ..... ##
.... .#
##..###.#
#####....#..##
...$.#[.....
####..#b#b.#
#......o#).#
..##...o@☼.#
#...###<#
#.......#
###.##### #.:
##. #. . >.


You could see an orc priest (ally target) and an orc.

Vanquished Creatures
  2 adders (D:2)
  3 orcs
  3 bats
  4 endoplasms
  7 goblins
  2 kobolds
  A quokka (D:1)
  3 ball pythons
  3 frilled lizards
  2 rats (D:1)
30 creatures vanquished.

Notes
Turn   | Place    | Note
-------+----------+-------------------------------------------
     0 | D:1      | Newt the Demonspawn Gladiator began the quest for the Orb.
     0 | D:1      | Reached XP level 1. HP: 16/16 MP: 1/1
    44 | D:1      | Found a faded altar of an unknown god.
    56 | D:1      | Prayed at the altar of an unknown god.
    56 | D:1      | Became a worshipper of Xom of Chaos
   174 | D:1      | XOM: noise
   210 | D:1      | XOM: confuse monster(s)
   259 | D:1      | Reached skill level 1 in Stealth
   290 | D:1      | XOM: divination: detect creatures
   408 | D:1      | Gained mutation: You may rarely emit foul miasma when
                  | damaged in melee. [demonic ancestry]
   408 | D:1      | Reached XP level 2. HP: 22/22 MP: 2/2
  1327 | D:2      | Gained mutation: Your touch may inflict minor irresistible
                  | damage on your foes. [demonic ancestry]
  1327 | D:2      | Reached XP level 3. HP: 25/28 MP: 3/3
  1425 | D:2      | Reached skill level 3 in Fighting
  1829 | D:3      | XOM: potion effect (curing)
  1834 | D:3      | XOM: butterfly on damage
  1837 | D:3      | Slain by an orc

Illustrated notes

Levels and vault maps discovered:
D:1:      minmay_arrival_four_houses, layout_loops_ring,
          shapermc_ecumenical_altar_gd
D:2:      layout_loops_ring
D:3:      kennysheep_slugbush, layout_loops_cross, serial_rivers,
          chequers_serial_rivers_small_b, chequers_serial_rivers_micro_b,
          chequers_serial_rivers_micro_b, chequers_serial_rivers_small_a,
          grunt_ministairs_8

Skill      XL: |  1  2  3 |
---------------+----------+-----
Stealth        | 1 2 |  2.0
Fighting       | 3 |  3.3
Short Blades   | |  2.6
Throwing       | |  1.7
Dodging        | |  2.6

Action                   || total
-------------------------++-------
Melee: Rapier            ||    84
       Punch             ||     2
       Touch             ||     3
  Use: Scroll            ||     3
 Stab: Sleeping          ||     1
Armor: Leather armour    ||    23
Dodge: Dodged            ||    62

Table legend: (Time is in decaauts)
 A = Elapsed time spent in this place.
 B = Non-inter-level travel time spent in this place.
 C = Inter-level travel time spent in this place.
 D = Time resting spent in this place.
 E = Time spent auto-exploring this place.
 F = Levels seen in this place.
 G = Mean time per level.
                   A        B        C        D        E       F      G
               +--------+--------+--------+--------+--------+-----+--------+
         Total |   1843 |   1751 |     92 |    262 |   1235 |   3 |  614.3 |
       Dungeon |   1843 |   1751 |     92 |    262 |   1235 |   3 |  614.3 |
               +--------+--------+--------+--------+--------+-----+--------+

Top non-repeatable levels by time:
     D:1: 1218 daAuts
     D:2: 596 daAuts
     D:3: 28 daAuts
